 Dungeon Crawl Stone Soup version 0.27.1-35-g4d5d836560 (webtiles) character file.

Game seed: 4988491868870913891

548 Delamore the Cutter (level 7, -3/45 HPs)
             Began as an Octopode Brigand on June 10, 2022.
             Slain by an orc (10 damage)
             ... on level 5 of the Dungeon.
             The game lasted 00:04:21 (4350 turns).

Delamore the Cutter (Octopode Brigand)              Turns: 4350, Time: 00:04:21

Health: -3/45      AC:  1    Str: 10    XL:     7   Next: 28%
Magic:  7/7        EV: 13    Int: 14    God:
Gold:   261        SH:  0    Dex: 15    Spells: 6/6 levels left

rFire    . . .     SeeInvis .   d - +2 dagger (venom)
rCold    . . .     Faith    .   (no shield)
rNeg     . . .     Spirit   .   (helmet restricted)
rPois    .         Reflect  .   (no amulet)
rElec    .         Harm     .   (no ring)
rCorr    .         Rampage  .   (no ring)
Will     .....                  (no ring)
Stlth    ++........             (no ring)
HPRegen  0.15/turn              (no ring)
MPRegen  0.10/turn              (no ring)
                                (no ring)
                                (no ring)

@: confused, attractive, hasted, very quick
A: almost no armour, amphibious, 8 rings, camouflage 1, gelatinous body 1,
(nimble swimmer 1), tentacles
a: no special abilities


You were on level 5 of the Dungeon.
You visited 1 branch of the dungeon, and saw 5 of its levels.

You collected 261 gold pieces.

Inventory:

Hand Weapons
 a - a +2 dagger
 d - a +2 dagger of venom (weapon)
Missiles
 b - 21 poisoned darts (quivered)
 c - 2 curare-tipped darts
 e - 8 boomerangs
 h - 76 stones
Wands
 m - a wand of paralysis (10)
Scrolls
 i - a scroll of vulnerability
 k - a scroll of amnesia
Potions
 f - 2 potions of ambrosia
 l - a potion of invisibility {unknown}


   Skills:
 + Level 2.5 Fighting
 * Level 7.2 Short Blades
 - Level 2.4 Throwing
 + Level 1.6 Dodging
 - Level 5.3 Stealth


You had 6 spell levels left.
You didn't know any spells.
Your spell library contained the following spells:

 Spells                   Type           Power      Damage    Failure   Level
 Portal Projectile        Hex/Tloc       0%         N/A       65%         3
 Blade Hands              Tmut           0%         N/A       100%        5
 Excruciating Wounds      Necr           0%         N/A       100%        5


Dungeon Overview and Level Annotations

Branches:
Dungeon (5/15)
 Temple: D:4-7

Altars:

Annotations:
D:4 Dowan, Duvessa


Innate Abilities, Weirdness & Mutations

You cannot wear most types of armour.
You are amphibious.
You can wear up to eight rings at the same time.
Your skin changes colour to match your surroundings (Stealth+).
Your rubbery body absorbs attacks. (AC +1, EV +1)
((You are camouflaged near water. (Stealth+)))
You have tentacles for arms and can constrict up to eight enemies at once.


Message History

The orc wizard points at you and mumbles some strange words.
You resist with some effort.
It was a potion of ambrosia.
You are more confused.
You feel invigorated.
An orc priest comes into view. It is wielding a +0 short sword.
The orc wizard hits you with a +0 dagger.
You bump into the rock wall.
The orc wizard mumbles some strange words.
The orc wizard flickers and vanishes!
Deactivating autopickup; reactivate with Ctrl-A.
Something hits you.
You bump into the rock wall.
The orc wizard looks more healthy.
You hear some strange, mumbled words.
You are more confused.
You're too confused to move!
The orc priest looks encouraged for a moment.
You're too confused to move!
The orc hits you with a +0 flail.
You feel less invigorated.
You bump into the rock wall.
The orc priest calls upon Beogh to heal something.
The orc barely misses you.
You bump into the rock wall.
The orc hits you with a +0 flail!
The orc priest invokes the aid of Beogh against you.
Beogh smites you!
You're too confused to move!
The orc misses you.
The orc wizard mumbles some strange words.
The orc wizard flickers and vanishes!
You bump into the rock wall.
The orc closely misses you.
You bump into the rock wall.
The orc barely misses you.
The orc priest invokes the aid of Beogh against you.
Beogh smites you!
* * * LOW HITPOINT WARNING * * *
Okay, then.
It was a potion of attraction.
You feel attractive to monsters. The orc misses you.
It was a potion of haste.
You feel yourself speed up. The orc hits you with a +0 flail!
You die...

$#.# #.# ###$o# #.#
#.o.o# #.# #o##o[#
#.# #o# ..# #.# #o#
o.. #.# #{# o.. # #.#
#o# .# #.###.# #@# #
#.#...###.######.
#................
###.#######.####.
##.## #.# # ##...##
#.# .#
#.....#####.####.#
#.......†........#
#.....########.######


You could see 2 orc priests, an orc wizard and 2 orcs.

Vanquished Creatures
  Menkaure (D:4)
  A black bear (D:3)
  A scorpion (D:4)
  2 hounds
  A centaur skeleton (D:4)
  Natasha (twice) (D:3)
  Robin (D:3)
  An adder (D:4)
  3 worms
  3 dart slugs
  7 orcs (D:3)
  9 ball pythons
  7 endoplasms
  4 giant cockroaches
  18 goblins
  5 hobgoblins
  9 jackals
  9 kobolds
  5 bats
  A frilled lizard (D:1)
  2 rats (D:2)
92 creatures vanquished.

Notes
Turn   | Place    | Note
-------+----------+-------------------------------------------
     0 | D:1      | Delamore the Octopode Brigand began the quest for the Orb.
     0 | D:1      | Reached XP level 1. HP: 14/14 MP: 1/1
   437 | D:1      | Reached XP level 2. HP: 19/19 MP: 2/2
   948 | D:1      | Reached skill level 3 in Short Blades
  1048 | D:1      | Reached XP level 3. HP: 22/24 MP: 3/3
  1789 | D:2      | Reached XP level 4. HP: 23/29 MP: 4/4
  2063 | D:2      | Reached skill level 4 in Short Blades
  2258 | D:3      | Noticed Natasha
  2265 | D:3      | Killed Natasha
  2435 | D:3      | Noticed Robin
  2976 | D:3      | Killed Robin
  2977 | D:3      | Reached XP level 5. HP: 34/34 MP: 5/5
  3095 | D:3      | Noticed Natasha
  3101 | D:3      | Killed Natasha
  3102 | D:3      | Reached skill level 5 in Short Blades
  3278 | D:3      | Noticed a black bear
  3281 | D:3      | Killed a black bear
  3282 | D:3      | Reached skill level 6 in Short Blades
  3282 | D:3      | Reached XP level 6. HP: 39/39 MP: 6/6
  3841 | D:4      | Noticed Menkaure
  3847 | D:4      | Killed Menkaure
  3848 | D:4      | Reached skill level 7 in Short Blades
  3848 | D:4      | Reached XP level 7. HP: 45/45 MP: 7/7
  4019 | D:4      | Noticed Duvessa
  4022 | D:4      | Noticed Dowan
  4277 | D:5      | Entered Level 5 of the Dungeon
  4350 | D:5      | Slain by an orc

Illustrated notes

Levels and vault maps discovered:
D:1:      evilmike_arrival_hilbert_curve, layout_basic, st_stairs_9,
          hangedman_decor_opposing
D:2:      layout_rooms
D:3:      layout_basic, uniq_robin, uniq_natasha
D:4:      layout_basic, grunt_ministairs_13, uniq_menkaure, uniq_duvessa
D:5:      layout_loops_ring, minmay_temple_entry_steel_oval,
          ebering_ghost_reflecting_pool

Skill      XL: |  1  2  3  4  5  6 |
---------------+-------------------+-----
Short Blades   | 3 4 6 7 |  7.2
Fighting       | |  2.5
Throwing       | |  2.4
Dodging        | |  1.6
Stealth        | |  5.3

Action                   |  1- 3 |  4- 6 |  7- 9 || total
-------------------------+-------+-------+-------++-------
Melee: Dagger            |    70 |    75 |    11 ||   156
       Tentacles         |    10 |     8 |     1 ||    19
       Constrict         |    11 |    20 |     3 ||    34
Throw: Dart              |     1 |     6 |     2 ||     9
       Stone             |       |    33 |       ||    33
  Use: Scroll            |       |     2 |       ||     2
       Potion            |       |       |     3 ||     3
 Stab: Sleeping          |    20 |    11 |     1 ||    32
       Distracted        |       |     1 |       ||     1
Armor: Skin              |     4 |     6 |     1 ||    11
Dodge: Dodged            |    21 |    35 |     7 ||    63
